 Dungeon Crawl Stone Soup version 0.28.0-43-g3370ac3207 (webtiles) character file.

Game seed: 2042855499012621384

1799 pkoi the Martial Artist (level 8, 0/70 HPs)
             Began as a Green Draconian Monk on Mar 10, 2022.
             Was a Priest of Okawaru.
             Slain by a boulder beetle (38 damage)
             ... on level 6 of the Dungeon.
             The game lasted 00:12:53 (7495 turns).

pkoi the Martial Artist (Green Draconian Monk)      Turns: 7495, Time: 00:12:54

Health: 0/70       AC:  8    Str: 13    XL:     8   Next: 83%
Magic:  10/10      EV: 19    Int: 13    God:    Okawaru [***...]
Gold:   256        SH:  0    Dex: 20    Spells: 7/7 levels left

rFire   . . .      SeeInvis .   u - +8 hand axe "Arphaedobu" {elec, rElec Dex+6}
rCold   . . .      Faith    .   (no shield)
rNeg    . . .      Spirit   .   (armour unavailable)
rPois   +          Reflect  .   q - +2 hat
rElec   +          Harm     .   c - scarf {shadows}
rCorr   .          Rampage  .   (no gloves)
Will    .....                   (no boots)
Stlth   ++........              (no amulet)
HPRegen 0.21/turn               a - +4 ring of evasion
MPRegen 0.12/turn               (no ring)

@: no status effects
A: breathe noxious fumes, AC +6, unfitting armour, poison resistance,
cold-blooded
a: Breathe Noxious Fumes, Renounce Religion, Heroism


You were on level 6 of the Dungeon.
You worshipped Okawaru.
Okawaru was most pleased with you.
You visited 1 branch of the dungeon, and saw 7 of its levels.

You collected 256 gold pieces.

Inventory:

Hand Weapons
 m - a +1 dagger of venom
 u - the +8 hand axe "Arphaedobu" (weapon) {elec, rElec Dex+6}
   (You found it on level 4 of the Dungeon)

   It occasionally discharges a powerful burst of electricity upon striking a
   foe.
   Dex:       It affects your dexterity (+6).
   rElec:     It insulates you from electricity.
Missiles
 f - 2 throwing nets (quivered)
Armour
 c - a scarf of shadows (worn)
 q - a +2 hat (worn)
 E - a +0 cloak
Jewellery
 a - a +4 ring of evasion (left hand)
 n - a ring of protection from fire
 v - a ring of see invisible
Wands
 y - a wand of acid (4)
 z - a wand of iceblast (11)
 C - a wand of polymorph (12)
Scrolls
 h - 2 scrolls of enchant weapon {unknown}
 i - a scroll of vulnerability {unknown}
 j - a scroll of enchant armour {unknown}
 l - 3 scrolls of amnesia {unknown}
 o - a scroll of teleportation {unknown}
 r - a scroll of holy word {unknown}
 x - a scroll of silence {unknown}
 A - a scroll of identify {unknown}
 D - a scroll of blinking {unknown}
Potions
 b - 2 potions of magic {unknown}
 d - a potion of resistance {unknown}
 e - 2 potions of attraction {unknown}
 g - 5 potions of heal wounds {unknown}
 k - 2 potions of lignification {unknown}
 p - 4 potions of curing
 s - a potion of cancellation {unknown}
 t - 2 potions of brilliance {unknown}
 w - 2 potions of haste
 B - 2 potions of ambrosia {unknown}


   Skills:
 - Level 6.0 Fighting
 + Level 4.9 Dodging
 + Level 2.2 Stealth
 * Level 9.3 Unarmed Combat
 + Level 3.2 Invocations


You had 7 spell levels left.
You didn't know any spells.
Your spell library contained the following spells:

 Spells                   Type           Power      Damage    Failure   Level
 Freeze                   Ice            0%         1d3       30%         1
 Sublimation of Blood     Necr           0%         N/A       43%         2
 Dazzling Flash           Conj/Hex       0%         N/A       67%         3
 Frozen Ramparts          Ice            0%         1d2       67%         3
 Hailstorm                Conj/Ice       0%         3d3       97%         4
 Iskenderun's Mystic Bla  Conj/Tloc      0%         2d3       97%         4
 Petrify                  Tmut/Erth      0%         N/A       97%         4
 Irradiate                Conj/Tmut      0%         3d14      100%        5
 Starburst                Conj/Fire      0%         6d3       100%        6


Dungeon Overview and Level Annotations

Branches:
Dungeon (7/15)             Temple (0/1) D:6

Altars:
Dithmenos
Elyvilon
Gozag
Makhleb
Nemelex Xobeh
Okawaru
Xom

Shops:
D:4 *

Annotations:
D:5 3 runed translucent doors, unlimited1921's ghost, novice DjFE


Innate Abilities, Weirdness & Mutations

You can breathe blasts of noxious fumes.
Your lurid green scales are hard. (AC +6)
You cannot fit into any form of body armour.
Your system is resistant to poisons. (rPois)
You are cold-blooded and may be slowed by cold attacks.


Message History

Lightning courses through the boulder beetle!!
You tail-slap the boulder beetle, but do no damage.
The boulder beetle is moderately wounded.
The boulder beetle misses you.
Aiming: Breathe Noxious Fumes (4% risk of failure)
Press: ? - help, Shift-Dir - straight line, f - boulder beetle
Aim: a boulder beetle (moderately wounded, 100% to hit)
You exhale a blast of noxious fumes.
The blast of choking fumes hits the boulder beetle but does no damage.
The boulder beetle is moderately wounded.
The boulder beetle is engulfed in noxious fumes.
The boulder beetle appears confused.
The boulder beetle barely misses you.
You hit the boulder beetle but do no damage.
You punch the boulder beetle.
The boulder beetle is moderately wounded.
The boulder beetle is engulfed in noxious fumes.
The boulder beetle completely misses you.
You strike the helpless boulder beetle from behind!
You hit the boulder beetle but do no damage.
The boulder beetle is moderately wounded.
The boulder beetle is engulfed in noxious fumes.
You strike the helpless boulder beetle from behind!
You hit the boulder beetle but do no damage.
The boulder beetle is moderately wounded.
The boulder beetle seems less confused.
The boulder beetle bites you.
* * * LOW HITPOINT WARNING * * *
You hit the boulder beetle but do no damage.
The boulder beetle is moderately wounded.
The boulder beetle leaps!
You hit the boulder beetle but do no damage.
You punch the boulder beetle, but do no damage.
The boulder beetle is moderately wounded.
The boulder beetle leaps!
The boulder beetle leaps!
You feel like a meek peon again.
You have got your breath back.
The boulder beetle curls into a ball and begins rolling!
The boulder beetle hits you!!!
Ouch! That really hurt!
You die...

#...# #[#
#....#.####.##.##.# #...#
#.#####.##.#......##.##..
#...#
#.............######.####
#...#####.###......#.....#
#.####
.......[#.###......#.....#
#.....
..........#.(............#
##....
........#.#.(.....##>....#
#.###
......###.#..............#
#.# #...#.#
#.......@.######## #B#
#...#.#
#####..B#############)#
#...#.#
#.....○°°...........#
......#
#.#.......##.##.##..#
##.#####
#.#..#..#.##.##.....#
.).....#
#.....#.##.#####.##
.[<.##.### #.###.#.##.#
#.# .[...#... .. ....##..
..# ..[...... #. ########
###


You could see a boulder beetle (rolling).

Vanquished Creatures
  Sigmund (D:2)
  Duvessa (D:5)
  A black bear (D:4)
  A necrophage (D:6)
  An orc warrior (D:6)
  An ogre (D:5)
  A phantom (D:4)
  A bullfrog (D:6)
  A scorpion (D:4)
  Dowan (D:5)
  2 bullfrog zombies
  2 centaur zombies
  A hound (D:4)
  Crazy Yiuf (D:2)
  2 jellies (D:5)
  2 orc priests
  A gnoll shaman (D:6)
  3 iguanas
  Terence (D:3)
  5 orc wizards
  A hound zombie (D:5)
  Robin (D:2)
  5 adders
  16 gnolls
  2 adder skeletons
  A worm (D:2)
  4 dart slugs
  20 orcs
  4 ball pythons
  4 bats
  5 endoplasms
  14 goblins
  10 hobgoblins
  13 jackals
  2 quokkas
  4 frilled lizards
  6 kobolds
  7 rats
149 creatures vanquished.

Vanquished Creatures (others)
  3 fungi (D:2)
3 creatures vanquished.

Grand Total: 152 creatures vanquished

Notes
Turn   | Place    | Note
-------+----------+-------------------------------------------
     0 | D:1      | pkoi the Draconian Monk began the quest for the Orb.
     0 | D:1      | Reached XP level 1. HP: 19/19 MP: 1/1
    21 | D:1      | Reached XP level 2. HP: 19/26 MP: 2/2
   351 | D:1      | Reached skill level 4 in Unarmed Combat
   617 | D:1      | Reached XP level 3. HP: 31/31 MP: 3/3
   915 | D:2      | Identified the +0 helmet of Zatruy {rElec Will- Str-4
                  | Stlth+}
   915 | D:2      | Noticed Robin
   969 | D:2      | Killed Robin
  1164 | D:2      | Found a faded altar of an unknown god.
  1196 | D:2      | Reached XP level 4. HP: 30/38 MP: 4/4
  1497 | D:2      | Reached skill level 5 in Unarmed Combat
  1581 | D:2      | Noticed Sigmund
  2215 | D:3      | Found a white marble altar of Elyvilon.
  2304 | D:3      | Found a shadowy altar of Dithmenos.
  2465 | D:3      | Found a shimmering altar of Xom.
  2566 | D:3      | Noticed Terence
  2588 | D:3      | Killed Terence
  2589 | D:3      | Reached XP level 5. HP: 33/45 MP: 5/5
  2869 | D:3      | Reached skill level 6 in Unarmed Combat
  3547 | D:4      | Found Megaemiru's General Store.
  3709 | D:4      | Noticed a phantom
  3710 | D:4      | Found an iron altar of Okawaru.
  3735 | D:4      | Killed a phantom
  3736 | D:4      | Reached XP level 6. HP: 38/51 MP: 6/6
  3740 | D:4      | Became a worshipper of Warmaster Okawaru
  3740 | D:4      | Reached * piety under Okawaru
  3740 | D:4      | Reached ** piety under Okawaru
  3747 | D:4      | Identified the +8 hand axe "Arphaedobu" {elec, rElec Dex+6}
  3856 | D:4      | Reached skill level 7 in Unarmed Combat
  4005 | D:4      | Reached skill level 1 in Invocations
  4256 | D:5      | Entered Level 5 of the Dungeon
  4326 | D:5      | Noticed Duvessa
  4327 | D:5      | Noticed Dowan
  4393 | D:5      | Your scales start taking on a lurid green colour.
  4393 | D:5      | Reached XP level 7. HP: 56/59 MP: 8/8
  4393 | D:5      | Gained mutation: Your system is resistant to poisons.
                  | (rPois) [Green Draconian growth]
  4567 | D:5      | Found a runed translucent gate.
  4568 | D:5      | Found a runed translucent gate.
  4569 | D:5      | Found a runed translucent gate.
  4586 | D:5      | Killed Duvessa
  4588 | D:5      | Killed Dowan
  4650 | D:5      | Reached *** piety under Okawaru
  4718 | D:5      | Reached skill level 8 in Unarmed Combat
  4869 | D:5      | Noticed unlimited1921's ghost (novice DjFE)
  5254 | D:6      | Reached XP level 8. HP: 57/67 MP: 10/10
  5324 | D:6      | Found a burning altar of Makhleb.
  5341 | D:6      | Found a staircase to the Ecumenical Temple.
  5375 | D:6      | Reached skill level 5 in Fighting
  5556 | D:6      | Found an opulent altar of Gozag.
  5557 | D:6      | Found a sparkling altar of Nemelex Xobeh.
  5661 | D:6      | Reached skill level 9 in Unarmed Combat
  5880 | D:6      | Reached **** piety under Okawaru
  6314 | D:6      | Noticed a boulder beetle
  6660 | D:2      | Killed Sigmund
  6763 | D:2      | Found a runed translucent door.
  6764 | D:2      | Noticed Crazy Yiuf
  6773 | D:2      | Killed Crazy Yiuf
  7495 | D:6      | Slain by a boulder beetle

Illustrated notes

Levels and vault maps discovered:
D:1:      scummos_arrival_hexagon, layout_loops_ring, minmay_tromino_i2
D:2:      layout_basic, chequers_ecumenical_altar_simple_redux, uniq_sigmund,
          uniq_robin, uniq_crazy_yiuf_cottage
D:3:      layout_basic, mainiacjoe_overflow_brackets,
          mainiacjoe_overflow_catwalk, lemuel_round_altar,
          minmay_misc_feat_encased, hangedman_decor_push, roderic_lattice_a,
          minmay_between, uniq_terence
D:4:      layout_loops_corners, okawaru_ov_weapons_minmay, serial_shops,
          kennysheep_mini_moat
D:5:      layout_cave_pools, serial_column_ruins, column_ruins_hut,
          column_ruins_open_tiny, column_ruins_corridor_plus,
          column_ruins_grid_1, column_ruins_columns_T, column_ruins_open_medium,
          biasface_ghost_orc_armoury, uniq_duvessa
D:6:      layout_loops_cross, grunt_temple_overflow_opulence, bloody_makhleb,
          minmay_temple_entry_glassed_door
D:7:      layout_loops_corners, nicolae_ru_sacrificial_ziggurat, uniq_harold,
          uniq_prince_ribbit1

Skill      XL: |  1  2  3  4  5  6  7  8 |
---------------+-------------------------+-----
Unarmed Combat | 4 5 6 7 8 9 |  9.3
Dodging        | 3 4 |  4.9
Invocations    | 1 3 |  3.2
Fighting       | 4 6 |  6.0
Stealth        | 2 |  2.2

Action                   |  1- 3 |  4- 6 |  7- 9 || total
-------------------------+-------+-------+-------++-------
Melee: Unarmed           |   145 |   179 |       ||   324
       Tailslap          |    15 |    28 |    14 ||    57
       Punch             |     5 |     5 |    13 ||    23
       Hand axe          |       |    20 |   133 ||   153
Invok: Heroism           |       |       |     2 ||     2
 Abil: Breathe Noxious F |       |       |     4 ||     4
 Stab: Sleeping          |     4 |     3 |     4 ||    11
       Confused          |       |       |     4 ||     4
Armor: Skin              |    33 |    33 |    22 ||    88
Dodge: Dodged            |   104 |   129 |   109 ||   342
